AoeStats
← FadedButtons

Highland

504546266Analyzed
4v4 RM · 25d ago on Sep 5, 2026· 29m 18s· 8 players
Game mode
Random Map
Map size
Large (8 player)
Population
200
Speed
Normal
Resources
Standard
Victory
Conquest
Starting age
Dark Age
Ending age
Imperial Age
RankedLock teamsTeams togetherTeam positionsShared explorationLock speedFull tech treeHidden civsTurbo modeCheats
Victory
Defeat
🇧🇩 Bengalis · Bangladesh
632
+10
🇲🇽 Huns · Mexico
492
+16
🇧🇷 Spanish · Brazil
393
+20
🇮🇩 Vietnamese · Indonesia
321
+23
🇺🇸 Khmer · United States
505
-18
🇺🇸 Vietnamese · United States
503
-18
🇨🇳 Franks · China
474
-17
🇺🇸 Koreans · United States
457
-16
FadedButtons
15:00 Feudal Age
16:14 Double-Bit Axe
16:46 Gold Mining
17:54 Horse Collar
18:11 Stone Mining
20:03 Town Watch
20:56 Wheelbarrow
20:33 Arson
TheCalmTornado
11:14 Feudal Age
19:08 Horse Collar
22:34 Double-Bit Axe
おに惨
1:06 Loom
MoldyShelf59466
1:00 Loom
12:05 Feudal Age
14:19 Wheelbarrow
16:00 Double-Bit Axe
18:04 Town Watch
20:29 Bloodlines
24:41 Stone Mining
25:56 Horse Collar
Lion
1:18 Loom
12:29 Feudal Age
12:59 Horse Collar
13:07 Double-Bit Axe
13:34 Gold Mining
18:19 Bloodlines
20:03 Forging
19:54 Scale Mail Armor
19:44 Fletching
19:55 Padded Archer Armor
26:01 Castle Age
28:16 Iron Casting
27:56 Chain Mail Armor
27:57 Leather Archer Armor
27:37 Bodkin Arrow
27:51 Thumb Ring
27:21 Light Cavalry
28:03 Crossbowman
28:47 Husbandry
bellyburn
13:31 Feudal Age
13:57 Double-Bit Axe
15:59 Horse Collar
23:14 Castle Age
21:34 Gold Mining
23:48 Wheelbarrow
23:43 Stone Mining
24:30 Gold Shaft Mining
24:12 Bow Saw
24:43 Gold Shaft Mining
25:45 Hand Cart
GibranRakatiwing
10:12 Feudal Age
10:56 Double-Bit Axe
10:53 Horse Collar
12:02 Gold Mining
17:46 Stone Mining
19:36 Forging
28:05 Castle Age
mifurini
1:12 Loom
13:07 Feudal Age
24:45 Castle Age
22:43 Stone Mining
22:43 Gold Mining
22:40 Horse Collar
22:49 Double-Bit Axe
29:26 Bow Saw
Connection lost

Rejoining the realm…

Still unreachable

The connection could not be restored.

Session expired

The server has moved on; the page needs a fresh start.